 Dungeon Crawl Stone Soup version 0.26-a0-689-gc93c913f66 (webtiles) character file.

Game seed: 16825364804587563702

394 Kinoniko the Ruffian (level 6, 0/62 HPs)
             Began as a Troll Monk on Oct 23, 2020.
             Slain by an orc warrior
             ... wielding a +0 dire flail
              (7 damage)
             ... on level 4 of the Dungeon on Oct 24, 2020.
             The game lasted 00:04:51 (1874 turns).

Kinoniko the Ruffian (Troll Monk)                   Turns: 1874, Time: 00:04:52

Health: 0/62       AC:  6    Str: 20    XL:     6   Next: 52%
Magic:  0/5        EV: 10    Int:  6    God:
Gold:   168        SH:  0    Dex: 14    Spells: 5/5 levels left

rFire    . . .     SeeInvis .     - Unarmed
rCold    . . .     Faith    .   (no shield)
rNeg     . . .     Spirit   +   a - +0 robe
rPois    .         Reflect  .   (helmet restricted)
rElec    .         Harm     .   (no cloak)
rCorr    .         Rampage  .   (gloves unavailable)
MR       .....                  (boots unavailable)
Stlth    ++........             i - amulet of guardian spirit
HPRegen  0.60/turn              (no ring)
MPRegen  0.09/turn              (no ring)

@: no status effects
A: large, unfitting armour, claws 3, regeneration 1, shaggy fur 1, tough skin 3
a: no special abilities


You were on level 4 of the Dungeon.
You visited 1 branch of the dungeon, and saw 4 of its levels.

You collected 168 gold pieces.

Inventory:

Armour
 a - a +0 robe (worn)
Jewellery
 h - an uncursed ring of ice {unknown}
 i - an amulet of guardian spirit (around neck)
 m - an uncursed amulet of faith {unknown}
 p - a +4 ring of evasion {unknown}
Scrolls
 d - a scroll of amnesia
 j - 3 scrolls of remove curse {unknown}
 k - 2 scrolls of teleportation
 q - 2 scrolls of identify {unknown}
Potions
 b - 2 potions of invisibility {unknown}
 c - 2 potions of haste {unknown}
 e - 2 potions of stabbing {unknown}
 f - a potion of flight {unknown}
 g - 2 potions of brilliance {unknown}
 l - 2 potions of curing {unknown}
 n - 2 potions of lignification {unknown}
 o - a potion of magic {unknown}
 r - a potion of mutation {unknown}


   Skills:
 + Level 4.0 Fighting
 - Level 2.4 Dodging
 - Level 1.0 Stealth
 * Level 6.3 Unarmed Combat


You had 5 spell levels left.
You didn't know any spells.
Your spell library was empty.

Dungeon Overview and Level Annotations

Branches:
Dungeon (4/15)
 Temple: D:4-7

Altars:
Nemelex Xobeh

Shops:
D:4 !


Innate Abilities, Weirdness & Mutations

You are too large for most types of armour.
You have claws for hands.
Your natural rate of healing is unusually fast.
You are covered in fur. (AC +1)
You have extremely tough skin. (AC +3)


Message History

You barely miss the orc warrior.
The orc warrior is moderately wounded.
The orc priest invokes the aid of Beogh against you.
Beogh smites you!
The orc warrior hits you with a +0 dire flail!!
* * * LOW HITPOINT WARNING * * *
You are too injured to fight recklessly!
You are too injured to fight recklessly!
You are too injured to fight recklessly!
You are too injured to fight recklessly!
You are too injured to fight recklessly!
You are too injured to fight recklessly!
You barely miss the orc warrior.
The orc warrior is moderately wounded.
The orc closely misses you.
The orc hits you from afar with a cursed -2 trident.
* * * LOW HITPOINT WARNING * * *
The orc priest begins to cast a cantrip, but forgets the words!
The orc warrior hits you with a +0 dire flail!
You die...

..##.# #...♣.....# #
...##.####.........#
##.#.##.......♣∩♣....#
≈#.#.##.#####...+#####
≈.##.##.# #..♣.#
≈≈##.##.# ##.###
≈#†...#.######...#######
≈≈≈.#.#.......(.........
†≈..#...######+#@o.#####
≈≈≈###..#.......oo.#
≈≈≈# #..#.........o#
≈≈## #..#.......#....
≈.# ##.######.. .##..
##.# #.. ### .# ....
..... .... .# ... .####.
... .# .. .# .


You could see an orc warrior, an orc priest and 2 orcs.

Vanquished Creatures
  A phantom (D:3)
  A howler monkey (D:2)
  An orc priest (D:3)
  Jessica (D:2)
  2 orc wizards
  5 adders
  A worm (D:2)
  8 dart slugs
  3 leopard geckos
  11 orcs (D:3)
  6 bats
  6 giant cockroaches
  8 goblins
  8 hobgoblins
  6 jackals
  7 kobolds
  2 quokkas (D:3)
  3 frilled lizards
  4 rats
84 creatures vanquished.

Notes
Turn   | Place    | Note
-------+----------+-------------------------------------------
     0 | D:1      | Kinoniko the Troll Monk began the quest for the Orb.
     0 | D:1      | Reached XP level 1. HP: 22/22 MP: 0/0
    58 | D:1      | Reached XP level 2. HP: 21/29 MP: 1/1
   394 | D:1      | Reached XP level 3. HP: 36/36 MP: 2/2
   424 | D:1      | Reached skill level 4 in Unarmed Combat
   606 | D:2      | Reached XP level 4. HP: 42/45 MP: 3/3
   917 | D:2      | Found a sparkling altar of Nemelex Xobeh.
   917 | D:2      | Noticed Jessica
   924 | D:2      | Killed Jessica
   924 | D:2      | Reached skill level 5 in Unarmed Combat
   924 | D:2      | Reached XP level 5. HP: 45/53 MP: 4/4
   994 | D:3      | Noticed a phantom
  1003 | D:3      | Killed a phantom
  1300 | D:3      | Reached XP level 6. HP: 37/62 MP: 2/5
  1501 | D:3      | Reached skill level 6 in Unarmed Combat
  1852 | D:4      | Found Sirump's Distillery.
  1866 | D:4      | Noticed an orc warrior
  1874 | D:4      | Slain by an orc warrior

Illustrated notes

Levels and vault maps discovered:
D:1:      minmay_arrival_arboretum_small, layout_rooms, serial_bayou_crossing
D:2:      layout_rooms, nemelex_lonely_heart_becter
D:3:      layout_loops_ring
D:4:      kennysheep_slugbush, layout_basic, serial_shops, nicolae_shop_trees,
          kennysheep_generic_room_6

Skill      XL: |  1  2  3  4  5  6 |
---------------+-------------------+-----
Unarmed Combat | 4 5 6 |  6.3
Fighting       | 3 4 |  4.0
Dodging        | |  2.4
Stealth        | |  1.0

Action                   |  1- 3 |  4- 6 || total
-------------------------+-------+-------++-------
Melee: Unarmed           |    86 |   123 ||   209
       Punch             |     3 |     1 ||     4
  Use: Scroll            |     5 |       ||     5
 Stab: Distracted        |     1 |       ||     1
       Sleeping          |       |     1 ||     1
Armor: Robe              |    36 |    33 ||    69
Dodge: Dodged            |    42 |    41 ||    83

Table legend: (Time is in decaauts)
 A = Elapsed time spent in this place.
 B = Non-inter-level travel time spent in this place.
 C = Inter-level travel time spent in this place.
 D = Time resting spent in this place.
 E = Time spent auto-exploring this place.
 F = Levels seen in this place.
 G = Mean time per level.
                   A        B        C        D        E       F      G
               +--------+--------+--------+--------+--------+-----+--------+
         Total |   1877 |   1815 |     62 |     29 |   1328 |   4 |  469.2 |
       Dungeon |   1877 |   1815 |     62 |     29 |   1328 |   4 |  469.2 |
               +--------+--------+--------+--------+--------+-----+--------+

Top non-repeatable levels by time:
     D:3: 782 daAuts
     D:1: 517 daAuts
     D:2: 462 daAuts
     D:4: 115 daAuts
